 Dungeon Crawl Stone Soup version 0.31.0-11-ge490571c62 (webtiles) character file.

Game seed: 13274081778536669078

1528 ces the Skirmisher (level 8, -3/55 HPs)
             Began as a Spriggan Hunter on Jan 30, 2024.
             Was an Initiate of Gozag.
             Engulfed by a cloud of steam (7 damage)
             ... on level 5 of the Dungeon.
             The game lasted 00:10:13 (3831 turns).

ces the Skirmisher (Spriggan Hunter)                Turns: 3831, Time: 00:10:14

Health: -3/55      AC:  2    Str:  7    XL:     8   Next: 55%
Magic:  9/9        EV: 24    Int: 10    God:    Gozag
Gold:   196        SH:  5    Dex: 27    Spells: 7/7 levels left

rFire   . . .        a - +1 shortbow
rCold   . . .        (shield currently unavailable)
rNeg    . . .        c - +0 robe
rPois   .            (helmet restricted)
rElec   .            (no cloak)
rCorr   .            (gloves unavailable)
SInv    +            (boots unavailable)
Will    +....        u - amulet of reflection Stlth
                     h - +6 ring of dexterity
HPRegen 0.29/turn    q - +5 ring of evasion
MPRegen 0.11/turn

%: reflection
@: berserking, gold aura, very quick
A: very small, no large weapons, unfitting armour, see invisible, speed 3
a: Renounce Religion, Potion Petition, Call Merchant, Bribe Branch


You were on level 5 of the Dungeon.
You worshipped Gozag.
Gozag was aware of your devotion.
You visited 1 branch of the dungeon, and saw 6 of its levels.

You collected 255 gold pieces.
You paid 59 gold pieces to Gozag.

Inventory:

Hand Weapons
 a - a +1 shortbow (weapon)
Armour
 c - a +0 robe (worn)
Jewellery
 g - a +5 ring of evasion
 h - a +6 ring of dexterity (left hand)
 l - a ring of willpower
 q - a +5 ring of evasion (right hand)
 s - a ring of wizardry
 u - an amulet of reflection (around neck)
Wands
 v - a wand of flame (22)
 w - a wand of digging (6)
Scrolls
 b - a scroll of butterflies
 e - a scroll of revelation
 f - a scroll of enchant weapon
 i - 2 scrolls of blinking {unknown}
 j - a scroll of fog {unknown}
 k - 3 scrolls of teleportation
 n - a scroll of amnesia {unknown}
 t - a scroll of enchant armour {unknown}
Potions
 d - 2 potions of curing
 m - 3 potions of might
 o - a potion of brilliance {unknown}
 p - a potion of berserk rage
 r - 2 potions of heal wounds {unknown}


   Skills:
 - Level 1.5 Fighting
 + Level 11.5 Ranged Weapons
 - Level 2.6 Dodging
 - Level 1.5 Stealth


You had 7 spell levels left.
You didn't know any spells.
Your spell library contained the following spells:

 Spells                   Type           Power      Damage    Failure   Level
 Blink                    Tloc           0%         N/A       50%         2
 Lesser Beckoning         Tloc           0%         N/A       50%         2
 Momentum Strike          Conj/Tloc      0%         3d8       50%         2
 Hailstorm                Conj/Ice       0%         3d5       75%         3
 Summon Ice Beast         Ice/Summ       0%         N/A       75%         3
 Sculpt Simulacrum        Ice/Alch       0%         N/A       100%        6


Dungeon Overview and Level Annotations

Branches:
Dungeon (6/15)
 Temple: D:4-7

Altars:
Dithmenos
Gozag
Makhleb

Annotations:
D:4 1 runed translucent door, Crazy Yiuf, Natasha


Innate Abilities, Weirdness & Mutations

You are very small and have problems with some larger weapons.
You are too small for most types of armour.
You have supernaturally acute eyesight. (SInv)
You cover ground extremely quickly. (Speed+++)


Message History

The ball of steam misses you.
You are engulfed in a cloud of scalding steam.
The steam dragon closely misses you. The steam dragon completely misses you.
Okay, then.
Aiming: Throw Flame
Press: ? - help, Shift-Dir - straight line, f/p - steam dragon
Aim: a steam dragon (steam, severely wounded, 68% to hit)
The puff of flame hits the steam dragon.
The steam dragon is almost dead.
The steam dragon breathes steam at you. The ball of steam misses you.
You are engulfed in a cloud of scalding steam.
You are engulfed in a cloud of scalding steam.
Okay, then.
You are too injured to fight recklessly!
Fire: a) +1 shortbow
Press: ? - help, Shift-Dir - straight line, f/p - steam dragon
Aim: a steam dragon (steam, almost dead, 71% to hit)
You shoot an arrow.
The arrow barely misses the steam dragon.
The steam dragon breathes steam at you. The ball of steam misses you.
Fire: a) +1 shortbow
Press: ? - help, Shift-Dir - straight line, f/p - steam dragon
Aim: a steam dragon (steam, almost dead, catching its breath, 71% to hit)
It was a potion of curing.
You feel better.
You are engulfed in a cloud of scalding steam.
Fire: a) +1 shortbow
Press: ? - help, Shift-Dir - straight line, f/p - steam dragon
Aim: a steam dragon (steam, almost dead, catching its breath, 71% to hit)
You shoot an arrow. The arrow hits the steam dragon!
You kill the steam dragon!
You are engulfed in a cloud of scalding steam.
* * * LOW HITPOINT WARNING * * *
It was a potion of berserk rage.
A red film seems to cover your vision as you go berserk!
You feel yourself moving faster!
You feel mighty!
You are engulfed in a cloud of scalding steam.
You die...
Your body crumbles into a pile of gold.

....## #.#
#.#.#...## ...## #.#
#....##.## ..##
##.#######.....#.##
.##
##................##
.#
#...................
.#
##...#####.........#
.#
##.#...###......#..
.####
#.#..........#...#
....##
#@#...#####.###.##
.....##
#§##.##########.#
......#####
#§##.........##.#
..........#
#§##########.##.#
......###.# ###.#
#.##.#
.....####.####..>#
#.##.#
#...##.........###
#.##.#
######.........#
#.##.## #
#.........#
######.#...#


There were no monsters in sight!

Vanquished Creatures
  Pikel (D:5)
  Sigmund (D:3)
  A steam dragon (D:5)
  Edmund (D:4)
  A phantom (D:5)
  A lemure (D:5)
  A bombardier beetle (D:4)
  6 hounds
  A jelly (D:6)
  A gnoll bouda (D:3)
  2 iguanas (D:5)
  Natasha (D:4)
  An orc wizard (D:3)
  3 gnolls (D:3)
  7 adders
  A ribbon worm (D:3)
  A dart slug (D:5)
  7 orcs
  3 bats
  5 endoplasms
  3 giant cockroaches
  5 goblins
  9 jackals
  3 quokkas
  6 ball pythons
  4 frilled lizards
  4 kobolds
  6 rats
86 creatures vanquished.

Notes
Turn   | Place    | Note
-------+----------+-------------------------------------------
     0 | D:1      | ces the Spriggan Hunter began the quest for the Orb.
     0 | D:1      | Reached XP level 1. HP: 10/10 MP: 2/2
   102 | D:1      | Reached XP level 2. HP: 14/14 MP: 3/3
   552 | D:2      | Reached skill level 5 in Ranged Weapons
   589 | D:2      | Reached XP level 3. HP: 18/18 MP: 4/4
  1328 | D:3      | Found a shadowy altar of Dithmenos.
  1339 | D:3      | Found a burning altar of Makhleb.
  1452 | D:3      | Noticed Sigmund
  1474 | D:3      | Reached XP level 4. HP: 22/22 MP: 5/5
  1490 | D:3      | Reached skill level 6 in Ranged Weapons
  1512 | D:3      | Killed Sigmund
  1513 | D:3      | Reached skill level 7 in Ranged Weapons
  1513 | D:3      | Reached XP level 5. HP: 22/25 MP: 6/6
  1513 | D:3      | Reached XP level 6. HP: 26/30 MP: 7/7
  2035 | D:4      | Noticed Natasha
  2044 | D:4      | Killed Natasha
  2310 | D:4      | Reached skill level 8 in Ranged Weapons
  2590 | D:5      | Entered Level 5 of the Dungeon
  2590 | D:5      | Noticed Edmund
  2649 | D:4      | Killed Edmund
  2650 | D:4      | Reached XP level 7. HP: 33/33 MP: 8/8
  2711 | D:4      | Found a runed translucent door.
  2712 | D:4      | Noticed Crazy Yiuf
  2712 | D:4      | Noticed Natasha
  2894 | D:5      | Noticed Pikel
  2972 | D:5      | Killed Pikel
  2973 | D:5      | Reached skill level 10 in Ranged Weapons
  2973 | D:5      | Reached XP level 8. HP: 37/37 MP: 9/9
  3038 | D:5      | Found an opulent altar of Gozag.
  3101 | D:5      | Became a worshipper of Gozag Ym Sagoz the Greedy
  3425 | D:5      | Reached skill level 11 in Ranged Weapons
  3831 | D:5      | Engulfed by a cloud of steam

Illustrated notes

Levels and vault maps discovered:
D:1:      dpeg_arrival_windows_large_door, layout_rooms
D:2:      layout_loops_cross
D:3:      layout_rooms, mainiacjoe_overflow_catwalk_spiral, uniq_sigmund
D:4:      layout_loops_ring, uniq_crazy_yiuf_cottage, uniq_natasha
D:5:      layout_loops_ring, old_standard_altar, minmay_misc_feat_secret_circle,
          uniq_edmund, uniq_pikel
D:6:      layout_loops_corners, mainiacjoe_overflow_brackets,
          minmay_temple_entry_glassed_door, serial_shops, shop,
          gammafunk_ghost_arena, serial_bayou_pond_a, minmay_ruined_shrine

Skill      XL: |  1  2  3  4  5  6  7  8 |
---------------+-------------------------+-----
Ranged Weapons | 5 7 8 10 11 | 11.5
Fighting       | |  1.5
Dodging        | |  2.6
Stealth        | |  1.5

Action                     |  1- 3 |  4- 6 |  7- 9 || total
---------------------------+-------+-------+-------++-------
   Fire: Shortbow          |    99 |   138 |   115 ||   352
  Evoke: Wand              |       |       |     1 ||     1
    Use: Scroll            |     4 |       |     1 ||     5
         Potion            |       |       |     2 ||     2
 Armour: Robe              |     2 |    10 |    17 ||    29
  Dodge: Dodged            |    21 |    26 |    26 ||    73
